 Dungeon Crawl Stone Soup version 0.26.1-10-gdfb7c7de75 (webtiles) character file.

Game seed: 8643202491704671509

34 Almogavar the Magician (level 3, 0/25 HPs)
             Began as a Gnoll Wanderer on Apr 6, 2021.
             Slain by an adder (5 damage)
             ... on level 1 of the Dungeon.
             The game lasted 00:07:29 (2028 turns).

Almogavar the Magician (Gnoll Wanderer)             Turns: 2028, Time: 00:07:29

Health: 0/25       AC:  2    Str: 16    XL:     3   Next: 31%
Magic:  6/9        EV: 11    Int: 16    God:
Gold:   93         SH:  0    Dex: 11    Spells: 10/12 levels left

rFire    . . .     SeeInvis .   a - +0 club
rCold    . . .     Faith    .   (no shield)
rNeg     . . .     Spirit   .   d - +0 robe
rPois    .         Reflect  .   (no helmet)
rElec    .         Harm     .   (no cloak)
rCorr    .         Rampage  .   (no gloves)
Will     .....                  (no boots)
Stlth    +.........             (no amulet)
HPRegen  0.08/turn              (no ring)
MPRegen  0.11/turn              (no ring)

@: lethally poisoned (0 -> -9)
A: distributed training, fangs 1, strong nose
a: no special abilities


You were on level 1 of the Dungeon.
You visited 1 branch of the dungeon, and saw 2 of its levels.

You collected 93 gold pieces.

Inventory:

Hand Weapons
 a - a +0 club (weapon)
Armour
 d - a +0 robe (worn)
 g - a +0 buckler
Scrolls
 f - a scroll of identify
Potions
 h - a potion of cancellation {unknown}


   Skills:
 + Level 0.7 Fighting
 + Level 0.7 Short Blades
 + Level 0.7 Long Blades
 + Level 0.7 Axes
 + Level 0.7 Maces & Flails
 + Level 0.7 Polearms
 + Level 0.7 Staves
 + Level 0.7 Slings
 + Level 0.7 Bows
 + Level 0.7 Crossbows
 + Level 0.7 Throwing
 + Level 0.7 Armour
 + Level 0.7 Dodging
 + Level 0.7 Stealth
 + Level 2.6 Shields
 + Level 0.7 Unarmed Combat
 + Level 5.0 Spellcasting
 + Level 0.5 Conjurations
 + Level 0.5 Hexes
 + Level 2.1 Summonings
 + Level 2.1 Necromancy
 + Level 0.5 Translocations
 + Level 0.5 Transmutations
 + Level 3.7 Fire Magic
 + Level 0.5 Ice Magic
 + Level 0.5 Air Magic
 + Level 3.7 Earth Magic
 + Level 0.5 Poison Magic
 + Level 0.9 Invocations
 + Level 2.6 Evocations


You had 10 spell levels left.
You knew the following spells:

 Your Spells              Type           Power        Failure   Level
a - Sandblast             Erth           32%          3%          1
b - Summon Small Mammal   Summ           40%          6%          1

Your spell library contained the following spells:

 Spells                   Type           Power        Failure   Level
 Animate Skeleton         Necr           20%          6%          1
 Pain                     Necr           40%          6%          1
 Call Canine Familiar     Summ           10%          19%         3
 Stone Arrow              Conj/Erth      20%          19%         3
 Vampiric Draining        Necr           5%           19%         3
 Animate Dead             Necr           5%           54%         4
 Agony                    Necr           10%          87%         5


Dungeon Overview and Level Annotations

Branches:
Dungeon (2/15)

Altars:


Innate Abilities, Weirdness & Mutations

Your experience applies equally to all skills.
You have very sharp teeth.
Your uncanny sense of smell can sniff out nearby items.


Message History

It is a scroll of amnesia.
Really abort (and waste the scroll)?
Okay, then.
The adder bites you.
You are poisoned.
The adder poisons you! The bat hits you but does no damage.
The adder bites you.
You are lethally poisoned!
The adder poisons you!
Unknown command.
Unknown command.
Unknown command.
* * * LOW HITPOINT WARNING * * *
You feel sick. The bat closely misses you. The adder closely misses you.
* * * LOW HITPOINT WARNING * * *
You feel sick. The bat hits you but does no damage.
The adder closely misses you.
* * * LOW HITPOINT WARNING * * *
You feel sick. The bat barely misses you. The adder bites you.
You die...

#.# #.## ##.#
######.#####.#####.##
..........#.##...##.#
.###.....##.#.#####.#
## #####.##..#####..#
## #..#..#.....## .#
##...##...### .##
##......S#
..#######......b@#
#.............####
....#####.###.#
###..###..###.#
##.......##)###
#.......#....#
#.......#....#
#.......#....#
#.......#....#


You could see an adder and a bat.

Vanquished Creatures
  2 dart slugs (D:1)
  A leopard gecko (D:1)
  3 giant cockroaches (D:1)
  2 goblins (D:1)
  3 hobgoblins (D:1)
  A ball python (D:1)
  4 bats
  5 frilled lizards (D:1)
  4 kobolds (D:1)
  2 rats (D:1)
27 creatures vanquished.

Vanquished Creatures (collateral kills)
  A bat (D:1)
  2 goblins (D:1)
  5 frilled lizards (D:1)
  A rat (D:1)
9 creatures vanquished.

Grand Total: 36 creatures vanquished

Notes
Turn   | Place    | Note
-------+----------+-------------------------------------------
     0 | D:1      | Almogavar the Gnoll Wanderer began the quest for the Orb.
     0 | D:1      | Almogavar set off with the following items: a +0 club, a +0
                  | robe; and the following spells available to memorise:
                  | Sandblast, Animate Skeleton, Pain, Summon Small Mammal,
                  | Call Canine Familiar, Vampiric Draining, Stone Arrow,
                  | Animate Dead, Agony
     0 | D:1      | Reached XP level 1. HP: 13/13 MP: 6/6
    44 | D:1      | Learned a level 1 spell: Sandblast
   233 | D:1      | Reached XP level 2. HP: 12/19 MP: 7/7
   729 | D:1      | Learned a level 1 spell: Summon Small Mammal
   803 | D:1      | HP: 1/20 [frilled lizard (2)]
   818 | D:1      | HP: 1/20 [frilled lizard (1)]
  1365 | D:1      | Reached XP level 3. HP: 13/25 MP: 7/9
  1482 | D:1      | Reached skill level 5 in Spellcasting
  2028 | D:1      | Slain by an adder

Illustrated notes

Levels and vault maps discovered:
D:1:      lightli_arrival_isolated_outpost, layout_rooms, grunt_decor_clamped,
          minmay_lizard_pond
D:2:      layout_loops_ring, kiku_gazebo_pond_becter, serial_rivers,
          chequers_serial_rivers_micro_a, chequers_serial_rivers_small_a,
          chequers_serial_rivers_small_a, chequers_serial_rivers_large_b,
          chequers_serial_rivers_small_a, chequers_serial_rivers_room_a

Skill      XL: |  1  2  3 |
---------------+----------+-----
Summonings     | 2 |  2.1
Necromancy     | 2 |  2.1
Spellcasting   | 5 |  5.0
Fighting       | |  0.7
Short Blades   | |  0.7
Long Blades    | |  0.7
Axes           | |  0.7
Maces & Flails | |  0.7
Polearms       | |  0.7
Staves         | |  0.7
Slings         | |  0.7
Bows           | |  0.7
Crossbows      | |  0.7
Throwing       | |  0.7
Armour         | |  0.7
Dodging        | |  0.7
Stealth        | |  0.7
Shields        | |  2.6
Unarmed Combat | |  0.7
Conjurations   | |  0.5
Hexes          | |  0.5
Translocations | |  0.5
Transmutations | |  0.5
Fire Magic     | |  3.7
Ice Magic      | |  0.5
Air Magic      | |  0.5
Earth Magic    | |  3.7
Poison Magic   | |  0.5
Invocations    | |  0.9
Evocations     | |  2.6

Action                   || total
-------------------------++-------
Melee: Club              ||   130
       Bite              ||     7
 Cast: Summon Small Mamm ||    28
  Use: Scroll            ||     2
       Potion            ||     2
 Stab: Sleeping          ||     1
       Distracted        ||     1
Armor: Robe              ||    52
Dodge: Dodged            ||   129
